AoeStats
← taintslurper

MegaRandom

504620740Analyzed
3v3 RM · 25d ago on Sep 6, 2026· 64m 17s· 6 players
Game mode
Random Map
Map size
Normal (6 player)
Population
200
Speed
Normal
Resources
Standard
Victory
Conquest
Starting age
Dark Age
Ending age
Imperial Age
RankedLock teamsTeams togetherTeam positionsShared explorationLock speedFull tech treeHidden civsTurbo modeCheats
Victory
Defeat
🇺🇸 Khmer · United States
1191
+11
🇺🇸 Romans · United States
1099
+15
🇺🇸 Wei · United States
1027
+17
🇺🇸 Vietnamese · United States
1136
-17
🇱🇺 Tupi · Luxembourg
1068
-14
🇺🇸 Mongols · United States
1000
-38
APG__Roy
13:00 Feudal Age
11:17 Loom
17:08 Castle Age
15:29 Double-Bit Axe
15:45 Horse Collar
22:40 Wheelbarrow
22:51 Heavy Plow
23:04 Bow Saw
27:14 Fletching
27:25 Padded Archer Armor
28:17 Hand Cart
27:48 Town Watch
28:48 Gold Mining
28:48 Stone Mining
29:22 Bodkin Arrow
29:43 Leather Archer Armor
29:34 Scale Barding Armor
29:30 Scale Mail Armor
29:41 Forging
34:31 Imperial Age
32:14 Murder Holes
33:18 Chain Barding Armor
33:19 Chain Mail Armor
33:21 Bloodlines
33:12 Husbandry
33:20 Thumb Ring
32:36 Elite Skirmisher
32:39 Pikeman
33:19 Squires
33:05 Arson
34:14 Stone Shaft Mining
35:39 Iron Casting
35:57 Plate Mail Armor
35:28 Bracer
36:09 Plate Barding Armor
36:06 Ring Archer Armor
36:19 Paper Money
37:43 Chemistry
37:05 Ballistics
37:00 Imperial Skirmisher
37:42 Capped Ram
39:09 Elite Battle Elephant
42:29 Chatras
46:55 Halberdier
48:57 Two-Man Saw
50:57 Man-at-Arms
51:15 Man-at-Arms
54:20 Elite Rattan Archer
54:47 Light Cavalry
58:46 Onager
62:09 Onager
taintslurper
11:39 Feudal Age
12:23 Double-Bit Axe
12:19 Horse Collar
16:09 Wheelbarrow
16:06 Stone Mining
16:06 Gold Mining
21:58 Castle Age
23:18 Hand Cart
24:08 Town Watch
24:39 Bow Saw
24:32 Heavy Plow
25:14 Gold Shaft Mining
25:15 Stone Shaft Mining
25:55 Nomads
27:16 Padded Archer Armor
27:07 Fletching
28:34 Ballistics
28:35 Husbandry
28:46 Bloodlines
30:36 Light Cavalry
32:57 Thumb Ring
33:04 Caravan
38:33 Imperial Age
37:00 Town Patrol
38:18 Leather Archer Armor
37:58 Bodkin Arrow
38:09 Scale Barding Armor
38:15 Forging
39:39 Conscription
39:43 Drill
38:47 Capped Ram
40:02 Parthian Tactics
39:56 Bracer
39:47 Elite Mangudai
41:49 Chemistry
41:34 Siege Engineers
42:12 Siege Ram
44:57 Hussar
46:17 Iron Casting
46:02 Chain Barding Armor
48:01 Heavy Cavalry Archer
53:20 Onager
57:21 Siege Onager
Lord Ramsay Bolton
0:55 Loom
12:25 Feudal Age
12:55 Double-Bit Axe
12:50 Horse Collar
14:58 Champi Runner
17:46 Wheelbarrow
17:15 Gold Mining
21:31 Castle Age
19:24 Stone Mining
21:30 Scale Mail Armor
21:41 Forging
24:48 Bow Saw
26:28 Heavy Plow
27:45 Hand Cart
28:45 Caravan
31:21 Champi Warrior
32:01 Squires
32:19 Chain Mail Armor
35:14 Imperial Age
33:42 Iron Casting
34:02 Gold Shaft Mining
33:48 Caciques
33:53 Town Watch
34:11 Arson
34:21 Fletching
34:32 Padded Archer Armor
34:19 Pikeman
35:20 Onager
36:29 Conscription
36:24 Elite Champi Warrior
36:29 Elite Ibirapema Warrior
37:44 Plate Mail Armor
40:49 Halberdier
52:19 Elite Blackwood Archer
52:57 Bodkin Arrow
53:18 Leather Archer Armor
54:07 Chemistry
53:27 Ballistics
53:19 Curare
53:41 Heated Shot
57:39 Bracer
58:09 Ring Archer Armor
60:11 Murder Holes
silmarillion151
5:39 Loom
12:24 Feudal Age
13:03 Double-Bit Axe
13:03 Horse Collar
13:15 Gold Mining
18:04 Fishing Lines
21:26 Castle Age
22:07 Town Watch
22:26 Heavy Plow
24:47 Gillnets
27:09 Stone Mining
27:55 Gold Shaft Mining
27:33 Bow Saw
27:48 Caravan
34:30 Imperial Age
33:23 Bloodlines
33:14 Husbandry
33:11 Fletching
33:27 Scale Barding Armor
33:33 Forging
34:58 Stone Shaft Mining
34:57 Tuntian
36:04 Crop Rotation
36:07 Conscription
36:33 Heavy Hei Guang Cavalry
37:53 Ming Guang Armor
39:03 Wheelbarrow
41:19 Chain Barding Armor
43:05 Iron Casting
41:54 Pikeman
43:18 Squires
43:44 Halberdier
45:57 Scale Mail Armor
45:28 Elite Skirmisher
47:53 Elite Tiger Cavalry
49:31 Thumb Ring
48:46 Crossbowman
50:48 Chemistry
50:08 Ballistics
50:19 Hand Cart
51:21 Parthian Tactics
56:58 Treadmill Crane
57:14 Murder Holes
57:29 Fortified Wall
57:10 Guard Tower
57:11 Heated Shot
57:32 Masonry
Yelm Rap
5:12 Loom
11:58 Feudal Age
12:46 Double-Bit Axe
13:56 Town Watch
16:12 Wheelbarrow
15:21 Horse Collar
15:33 Gold Mining
15:27 Fishing Lines
23:17 Castle Age
22:46 Stone Mining
25:15 Padded Archer Armor
25:05 Fletching
25:25 Forging
25:16 Scale Mail Armor
25:22 Scale Barding Armor
25:31 Clinker Construction
25:32 Careening
26:01 Medium Warships
26:21 Gillnets
28:56 Hand Cart
29:13 Ballistics
28:49 Murder Holes
29:06 Fortified Wall
29:05 Caravan
30:12 Iron Casting
34:11 Gold Shaft Mining
34:12 Stone Shaft Mining
33:50 Bow Saw
36:25 Heated Shot
36:46 Masonry
36:42 Siphons
36:01 Pikeman
36:01 Man-at-Arms
36:26 Arson
37:03 Town Patrol
38:03 Husbandry
38:13 Bloodlines
41:43 Imperial Age
39:39 Tusk Swords
40:12 Chain Barding Armor
44:12 Plate Barding Armor
44:38 Blast Furnace
45:13 Conscription
44:19 Elite Battle Elephant
49:25 Heavy Warships
49:29 Bodkin Arrow
49:50 Chain Mail Armor
49:51 Leather Archer Armor
50:24 Heavy Scorpion
51:19 Bracer
51:48 Double Crossbow
55:15 Ring Archer Armor
58:12 Onager
60:45 Hoardings
61:37 Capped Ram
Drunken Wookie
4:19 Loom
11:40 Feudal Age
15:20 Double-Bit Axe
19:14 Castle Age
18:02 Horse Collar
19:00 Scale Mail Armor
21:04 Bow Saw
23:00 Chain Mail Armor
22:56 Forging
23:30 Heavy Plow
23:41 Caravan
24:33 Squires
24:49 Man-at-Arms
27:30 Iron Casting
28:10 Ballistas
28:18 Long Swordsman
30:42 Wheelbarrow
29:53 Town Watch
34:40 Imperial Age
32:52 Murder Holes
33:29 Ballistics
34:27 Hand Cart
34:13 Town Patrol
34:56 Gold Mining
34:57 Stone Mining
34:45 Heavy Scorpion
36:46 Chemistry
36:29 Siege Engineers
37:34 Blast Furnace
37:05 Conscription
37:23 Capped Ram
38:33 Comitatenses
38:28 Legionary
40:40 Siege Ram
50:06 Pikeman
52:21 Onager
53:19 Halberdier
55:15 Crop Rotation
55:44 Coinage
55:25 Guilds
57:19 Banking
60:35 Fletching
61:35 Bodkin Arrow
Connection lost

Rejoining the realm…

Still unreachable

The connection could not be restored.

Session expired

The server has moved on; the page needs a fresh start.